 Dungeon Crawl Stone Soup version 0.23-a0-629-gae4348f (console) character file.

67 bli the Slasher (level 3, 0/31 HPs)
             Began as a Draconian Monk on Dec 25, 2018.
             Slain by an ogre
             ... wielding a cursed -2 giant spiked club
              (7 damage)
             ... on level 4 of the Dungeon.
             The game lasted 00:03:23 (941 turns).

bli the Slasher (Draconian Monk)                     Turns: 941, Time: 00:03:24

Health: 0/31       AC:  5    Str: 13    XL:     3   Next: 98%
Magic:  3/3        EV: 13    Int: 10    God:
Gold:   51         SH:  0    Dex: 17    Spells: 2/2 levels left

rFire    . . .     SeeInvis .   a - +0 falchion
rCold    . . .     Gourm    .   (no shield)
rNeg     . . .     Faith    .   (armour unavailable)
rPois    .         Spirit   .   (helmet restricted)
rElec    .         Reflect  .   m - scarf {cloud immunity}
rCorr    .         Harm     .   (no gloves)
MR       .....                  (no boots)
Stlth    ++........             (no amulet)
HPRegen  0.10/turn              l - +3 ring of slaying
MPRegen  0.08/turn              g - +3 ring of dexterity

@: no status effects
A: unfitting armour, cold-blooded, AC +5
a: no special abilities


You were on level 4 of the Dungeon.
You were not hungry.

You visited 1 branch of the dungeon, and saw 4 of its levels.

You collected 51 gold pieces.

Inventory:

Hand Weapons
 a - a +0 falchion (weapon)
 r - a +0 blowgun
Missiles
 f - 38 stones (quivered)
 s - 14 poisoned needles
 t - 4 tomahawks
Armour
 m - a scarf of cloud immunity (worn)
Jewellery
 g - a +3 ring of dexterity (right hand)
 l - a +3 ring of slaying (left hand)
 n - an uncursed ring of fire {unknown}
 o - an uncursed amulet of regeneration {unknown}
Scrolls
 c - a scroll of teleportation {unknown}
 j - 5 scrolls of identify {unknown}
 q - a scroll of fear {unknown}
Potions
 d - 2 potions of agility {unknown}
 e - 3 potions of brilliance {unknown}
 h - 3 potions of lignification {unknown}
 i - a potion of curing {unknown}
 k - 2 potions of flight {unknown}
 u - a potion of resistance {unknown}
Comestibles
 b - 3 rations
 p - 4 chunks of flesh


   Skills:
 + Level 3.4 Fighting
 * Level 4.4 Long Blades
 + Level 3.0 Dodging
 + Level 2.0 Stealth


You had 2 spell levels left.
You didn't know any spells.
Your spell library was empty.

Dungeon Overview and Level Annotations

Branches:
Dungeon (4/15)
 Temple: D:4-7

Altars:
Cheibriados


Innate Abilities, Weirdness & Mutations

Your plain brown scales are hard. (AC +5)
You cannot fit into any form of body armour.
You are cold-blooded and may be slowed by cold attacks.


Message History

You hit the ogre.
The ogre is lightly wounded.
The ogre hits you with a cursed -2 giant spiked club!
You hit the ogre.
The ogre is lightly wounded.
You barely miss the ogre.
The ogre is lightly wounded.
The ogre hits you with a cursed -2 giant spiked club!
* * * LOW HITPOINT WARNING * * *
You hit the ogre.
The ogre is moderately wounded.
The ogre misses you.
You closely miss the ogre.
The ogre is moderately wounded.
The ogre closely misses you.
You riposte.
You barely miss the ogre.
You The ogre is moderately wounded.
You hit the ogre. You tail-slap the ogre.
The ogre is heavily wounded.
The ogre hits you with a cursed -2 giant spiked club!
You die...

### #+# ..# #.#
#.# #.# #.# ##.##
####.### ##...## #
#......###.....#..
#@##..........##.#
#O##.#..###..#....
#.##.#..###..#.#.#
#.##.#...........#
#((....####..#.###
####.### #..#.#
#.######..#.#
..........#..
#####.####.### #.#
##.####.###


You could see an ogre.

Vanquished Creatures
  A hound (D:4)
  A worm (D:2)
  A dart slug (D:1)
  3 leopard geckos (D:1)
  3 giant cockroaches
  3 goblins (D:1)
  5 hobgoblins
  2 kobolds
  4 bats
  4 frilled lizards
  2 rats
29 creatures vanquished.

Notes
Turn   | Place    | Note
-------+----------+-------------------------------------------
     0 | D:1      | bli the Draconian Monk began the quest for the Orb.
     0 | D:1      | Reached XP level 1. HP: 19/19 MP: 1/1
    98 | D:1      | Reached XP level 2. HP: 26/26 MP: 2/2
   606 | D:2      | Reached XP level 3. HP: 19/31 MP: 3/3
   608 | D:2      | Reached skill level 4 in Long Blades
   763 | D:3      | Found a snail-covered altar of Cheibriados.
   933 | D:4      | Noticed an ogre
   941 | D:4      | Slain by an ogre

Vault maps used:
D:1:      lightli_arrival_lavapool
D:2:      first_ration, uniq_robin
D:3:      nicolae_overflow_hidden_temple, mrwooster_statue_mirror
D:4:      led_sif_book, gup_ossuary_entry_pyramid, minmay_mini_jars,
          uniq_eustachio

Skill      XL: |  1  2  3 |
---------------+----------+-----
Long Blades    | 4 |  4.4
Dodging        | 3 |  3.0
Stealth        | 2 |  2.0
Fighting       | |  3.4

Action                   || total
-------------------------++-------
Melee: Falchion          ||    74
       Tailslap          ||    11
Throw: Stone             ||     2
 Stab: Sleeping          ||     2
Armor: Skin              ||    22
Dodge: Dodged            ||    71
       Rpst.: Falchion   ||    24

Table legend:
 A = Non-vault XP
 B = Vault XP
 C = Vault XP percentage of total XP
 D = Non-vault monster count
 E = Vault monster count
 F = Vault count percentage of total count
                 A         B        C        D         E       F
            +---------+---------+-------+---------+---------+-------
      Total |      92 |       4 |   4.2 |      27 |       2 |   6.9
            +---------+---------+-------+---------+---------+-------
        D:1 |      34 |       0 |   0.0 |      16 |       0 |   0.0
        D:2 |      14 |       0 |   0.0 |       6 |       0 |   0.0
        D:3 |       3 |       0 |   0.0 |       3 |       0 |   0.0
        D:4 |      41 |       4 |   8.9 |       2 |       2 |  50.0
            +---------+---------+-------+---------+---------+-------
